 Dungeon Crawl Stone Soup version 0.20-a0-309-gcba9277 (webtiles) character file.

590 GordonOverkill the Changer (level 7, -10/32 HPs)
             Began as a Vine Stalker Transmuter on Dec 19, 2016.
             Killed from afar by Junicave's ghost (16 damage)
             ... with a stone arrow
             ... on level 4 of the Dungeon.
             The game lasted 00:16:14 (4687 turns).

GordonOverkill the Changer (VSTm)                   Turns: 4687, Time: 00:16:14

Health: -10/32     AC:  8    Str: 13    XL:     7   Next: 39%
Magic:  0/11       EV: 12    Int: 15    God:
Gold:   179        SH:  0    Dex: 14    Spells: 4/10 levels left

rFire  . . .     SeeInvis .       - Unarmed
rCold  . . .     Gourm    .     b - +1 robe
rNeg   . . .     Faith    .     (no shield)
rPois  .         Spirit   +     (no helmet)
rElec  .         Reflect  .     (no cloak)
rCorr  .         Harm     .     (no gloves)
MR     .....                    j - +1 pair of boots
Stlth  +.........               (no amulet)
                                q - +1 ring of slaying
                                o - +3 ring of protection

@: appendage
A: fangs 2, horns 2, regeneration 1, magic shield, antimagic bite, no device
heal 3, rot immunity
a: End Transformation


You were on level 4 of the Dungeon.
You were not hungry.
You had grown temporary horns.
You visited 1 branch of the dungeon, and saw 4 of its levels.

You collected 179 gold pieces.

Inventory:

Missiles
 a - 16 arrows
 u - 5 tomahawks (quivered)
 A - a throwing net
Armour
 b - a +1 robe (worn)
 j - a +1 pair of boots (worn)
Jewellery
 o - a +3 ring of protection (left hand)
 q - a +1 ring of slaying (right hand)
 r - an uncursed ring of see invisible
 x - an uncursed amulet of rage
Wands
 l - a wand of flame (0/48)
 m - a wand of slowing (23/48)
 y - a wand of teleportation (8/9)
Scrolls
 e - a scroll of enchant armour
 i - a scroll of teleportation {unknown}
 p - 3 scrolls of recharging
Potions
 h - 2 potions of curing
 n - 2 potions of cancellation
 z - a potion of haste {unknown}
Books
 c - a book of Changes

   Spells                             Type                      Level
   a - Beastly Appendage              Transmutation                1
   b - Sticks to Snakes               Transmutation                2
   c - Spider Form                    Transmutation/Poison         3
   d - Ice Form                       Ice/Transmutation            4
   e - Blade Hands                    Transmutation                5
Comestibles
 d - 5 bread rations
 f - 2 beef jerkies
 g - 2 meat rations
 t - a chunk of flesh


   Skills:
 - Level 0.8 Fighting
 - Level 1.5 Dodging
 + Level 5.9 Unarmed Combat
 - Level 2.1 Spellcasting
 * Level 6.0 Transmutations
 + Level 0.0 Poison Magic


You had 4 spell levels left.
You knew the following spells:

 Your Spells              Type           Power        Failure   Level  Hunger
a - Beastly Appendage     Tmut           ###...       1%          1    #......
b - Sticks to Snakes      Tmut           ###.....     2%          2    ###....
c - Spider Form           Tmut/Pois      ##........   21%         3    ###....


Dungeon Overview and Level Annotations

Branches:
Dungeon (4/15)
 Temple: D:4-7

Altars:

Shops:
D:4 [=

Annotations:
D:3 exclusion: downstairs
D:4 Junicave's ghost, amateur GrEE


Innate Abilities, Weirdness & Mutations

You have extremely sharp teeth.
Your natural rate of healing is unusually fast.
When hurt, damage is shared between your health and your magic reserves.
Your bite disrupts and absorbs the magic of your enemies.
Potions and wands cannot restore your health.
You are immune to rotting.
You have a pair of horns on your head.


Message History

Junicave's ghost gestures at you while chanting.
The stone arrow hits you!
Ouch! That really hurt!
* * * LOW HITPOINT WARNING * * *
Your ball python bites Junicave's ghost but does no damage.
You hit Junicave's ghost but do no damage.
Your headbutt misses Junicave's ghost.
Junicave's ghost is almost destroyed.
Your adder bites Junicave's ghost but does no damage.
Junicave's ghost gestures at you while chanting.
The rocky blast misses you.
Your adder closely misses Junicave's ghost.
Your ball python barely misses Junicave's ghost.
You closely miss Junicave's ghost. Your bite misses Junicave's ghost.
Junicave's ghost is almost destroyed.
Junicave's ghost says, "There is no future for me!"
Junicave's ghost points at you and mumbles some strange words.
The stone arrow hits you!
Ouch! That really hurt!
You die...

#### #..# #..## #..>#
############ ###..######
#<......[... #.........#
#.#####..... #......S@.#
#.# #.....
#......SW.####.# #.....
#.........#....# #.....
#.........#.#### #....[
#...........[## #.....
#.........#...#### #.....
#.........#.#....###.....
#####....##.####.....####
#.#.....# #####.....


You could see Junicave's ghost, a friendly adder and a friendly ball python.

Vanquished Creatures
  2 hounds (D:4)
  A bullfrog skeleton (D:4)
  Natasha (thrice) (D:2)
  2 orc wizards (D:3)
  2 worker ants (D:4)
  7 gnolls
  4 adders
  A worm (D:3)
  A leopard gecko (D:3)
  14 orcs
  12 bats
  6 giant cockroaches
  11 goblins
  11 hobgoblins
  16 jackals
  A quokka (D:3)
  7 frilled lizards
  3 kobolds
  9 rats
113 creatures vanquished.

Vanquished Creatures (collateral kills)
  A phantom (D:4)
  A gnoll (D:4)
  2 adders
  A jackal (D:4)
5 creatures vanquished.

Grand Total: 118 creatures vanquished

Notes
Turn   | Place    | Note
-------+----------+-------------------------------------------
     0 | D:1      | GordonOverkill the Vine Stalker Transmuter began the quest for the Orb.
     0 | D:1      | Reached XP level 1. HP: 9/9 MP: 4/4
     3 | D:1      | Noticed an electric eel
     3 | D:1      | Noticed an electric eel
   127 | D:1      | Reached XP level 2. HP: 2/14 MP: 6/6
   411 | D:1      | Learned a level 2 spell: Sticks to Snakes
   567 | D:1      | Reached XP level 3. HP: 17/17 MP: 7/7
   675 | D:1      | Learned a level 3 spell: Spider Form
  1827 | D:2      | Gained mutation: Your natural rate of healing is unusually fast. [Vine Stalker growth]
  1827 | D:2      | Reached XP level 4. HP: 15/21 MP: 8/8
  2034 | D:2      | Noticed Natasha
  2045 | D:2      | Killed Natasha
  2205 | D:2      | Reached skill level 3 in Transmutations
  2249 | D:2      | Noticed Natasha
  2255 | D:2      | Killed Natasha
  2255 | D:2      | Reached skill level 5 in Unarmed Combat
  2255 | D:2      | Reached XP level 5. HP: 25/25 MP: 9/9
  2419 | D:2      | Noticed Natasha
  2428 | D:2      | Killed Natasha
  2747 | D:3      | Reached skill level 4 in Transmutations
  2938 | D:3      | Reached XP level 6. HP: 29/29 MP: 10/10
  3589 | D:4      | Noticed Junicave's ghost (amateur GrEE)
  3621 | D:4      | Noticed a phantom
  3647 | D:4      | Reached skill level 5 in Transmutations
  3678 | D:4      | Killed a phantom
  3783 | D:4      | Reached XP level 7. HP: 31/32 MP: 9/11
  4461 | D:4      | Reached skill level 6 in Transmutations
  4481 | D:4      | Found Affa's Jewellery Shoppe.
  4529 | D:4      | Found Keregire's Armour Emporium.
  4687 | D:4      | Killed from afar by Junicave's ghost

Vault maps used:
D:1:      arrival_aquarium_b, corexii_hall_statues_x
D:2:      minmay_pentomino_x4, uniq_natasha
D:4:      serial_shops, nicolae_shop_stone, nicolae_shop_crystal, first_bread

Skill      XL: |  1  2  3  4  5  6  7 |
---------------+----------------------+-----
Unarmed Combat | 4 5 |  5.9
Transmutations | 3 4 5 6 |  6.0
Fighting       | |  0.8
Dodging        | |  1.5
Spellcasting   | |  2.1

Action                   |  1- 3 |  4- 6 |  7- 9 || total
-------------------------+-------+-------+-------++-------
Melee: Unarmed           |    76 |   194 |    82 ||   352
       Bite              |    15 |    40 |    30 ||    85
       Headbutt          |     4 |    19 |    13 ||    36
       Kick              |     1 |    12 |     6 ||    19
       Punch             |     3 |     6 |     1 ||    10
 Cast: Beastly Appendage |    12 |    28 |    10 ||    50
       Sticks to Snakes  |     3 |     5 |     7 ||    15
Evoke: Wand              |       |       |     1 ||     1
  Use: Scroll            |       |    11 |       ||    11
  Eat: Chunk             |     3 |     7 |     4 ||    14
Armor: Robe              |    13 |    42 |    16 ||    71
Dodge: Dodged            |    54 |   117 |    50 ||   221
